 Dungeon Crawl Stone Soup version 0.30.1 (webtiles) character file.

Game seed: 14420579949258517891

4687372 monsoonserge the Imperceptible (level 27, 168/168 HPs)
             Began as a Vine Stalker Enchanter on July 4, 2023.
             Was the Champion of Wu Jian.
             Escaped with the Orb
             ... and 6 runes on July 6, 2023!
             The game lasted 07:54:20 (62217 turns).

monsoonserge the Imperceptible (VSEn)              Turns: 62217, Time: 07:54:21

Health: 168/168    AC: 23    Str: 25    XL:     27
Magic:  39/39      EV: 40    Int: 29    God:    Wu Jian [******]
Gold:   7327       SH:  0    Dex: 33    Spells: 7/58 levels left

rFire   + + .        a - +12 pair of quick blades "Gyre" and "Gimble" {protect}
rCold   + + .        (shield currently unavailable)
rNeg    + + +        v - +2 ring mail "Ifo Iczyekhlo" {Contam Harm rElec Str+4}
rPois   +            G - +0 hat of Hysteria {Contam rN++ Dex+5}
rElec   +            A - +2 cloak of Otsyjel {Str+5 Int+9}
rCorr   +            I - +1 pair of gloves of the Forest {rF+ Str+3 Dex+3}
SInv    .            F - +1 pair of boots of Tulips {rElec rN++ rCorr Str-2 Dex+3}
Will    +++..        Y - amulet of the Moon {Spirit rPois Int-3 Dex+3 Slay+5}
Stlth   ++++         w - ring "Loloat" {rF+ rC+ AC+4 Str+2}
HPRegen 1.28/turn    X - ring of the Hare {EV+10}
MPRegen 0.26/turn

%: harm (+30% outgoing, +20% incoming), guardian spirit
@: studying 4 skills
A: fangs 3, regeneration 1, magic shield, antimagic bite, no potion heal 2, cold
resistance 1, low MP 1
0: Orb of Zot
}: 6/15 runes: decaying, slimy, silver, bone, abyssal, gossamer
a: Renounce Religion, Wall Jump, Serpent's Lash, Heavenly Storm


You escaped.
You worshipped Wu Jian.
Wu Jian was exalted by your worship.
You visited 16 branches of the dungeon, and saw 66 of its levels.
You visited the Abyss 1 time.
You visited 2 bazaars.
You visited 1 ziggurat, and saw 13 of its levels.
You also visited: Sewer, Gauntlet and Desolation.

You collected 9758 gold pieces.
You spent 2431 gold pieces at shops.

Inventory:

Hand Weapons
 a - the +12 pair of quick blades "Gyre" and "Gimble" (weapon) {protect}
   (You found it on level 7 of the Dungeon)
 b - the +7 arbalest "Vuhun" {penet, Will- Dex+2 SInv}
   (You found it on level 3 of the Crypt)

   Dex:       It affects your dexterity (+2).
   SInv:      It lets you see invisible.
   Will:      It decreases your willpower.
Missiles
 D - 8 curare-tipped darts (quivered)
 M - 11 boomerangs of dispersal
 U - 3 silver javelins
Armour
 g - the +3 pair of mountain boots {steadfast, rC+}
   (You found it on level 3 of the Lair of Beasts)

   Steadfast: It prevents involuntary movement, except for blinking,
   teleportation, or banishment.
   rC:        It protects you from cold.
 v - the +2 ring mail "Ifo Iczyekhlo" (worn) {Contam Harm rElec Str+4}
   (You found it on level 3 of the Dungeon)

   Str:       It affects your strength (+4).
   rElec:     It insulates you from electricity.
   Contam:    It causes magical contamination when unequipped.
   Harm:      It increases damage dealt and taken.
 A - the +2 cloak of Otsyjel (worn) {Str+5 Int+9}
   (You found it on level 9 of the Dungeon)

   Str:       It affects your strength (+5).
   Int:       It affects your intelligence (+9).
 F - the +1 pair of boots of Tulips (worn) {rElec rN++ rCorr Str-2 Dex+3}
   (You acquired it on level 12 of a ziggurat)

   Str:       It affects your strength (-2).
   Dex:       It affects your dexterity (+3).
   rElec:     It insulates you from electricity.
   rN:        It greatly protects you from negative energy.
   rCorr:     It protects you from acid and corrosion.
 G - the +0 hat of Hysteria (worn) {Contam rN++ Dex+5}
   (You found it on level 1 of the Orcish Mines)

   Dex:       It affects your dexterity (+5).
   rN:        It greatly protects you from negative energy.
   Contam:    It causes magical contamination when unequipped.
 I - the +1 pair of gloves of the Forest (worn) {rF+ Str+3 Dex+3}
   (You found it on level 4 of the Lair of Beasts)

   Str:       It affects your strength (+3).
   Dex:       It affects your dexterity (+3).
   rF:        It protects you from fire.
 O - a +2 cloak of preservation
Jewellery
 w - the ring "Loloat" (left hand) {rF+ rC+ AC+4 Str+2}
   (You took it off a deep elf demonologist on level 3 of the Elven Halls)

   [ring of protection]

   AC:        It affects your AC (+4).
   Str:       It affects your strength (+2).
   rF:        It protects you from fire.
   rC:        It protects you from cold.
 P - a ring of the Octopus King {rCorr HP+2 AC+2 EV+2 SH+2}
   (You bought it in a shop on level 2 of the Orcish Mines)

   [ring of resist corrosion]

   AC:        It affects your AC (+2).
   EV:        It affects your evasion (+2).
   HP:        It affects your health (+2).
   rCorr:     It protects you from acid and corrosion.
   SH:        It affects your SH (+2).
 X - the ring of the Hare (right hand) {EV+10}
   (You found it on level 12 of a ziggurat)

   [ring of evasion]

   EV:        It affects your evasion (+10).
 Y - the amulet of the Moon (around neck) {Spirit rPois Int-3 Dex+3 Slay+5}
   (You bought it in a shop on level 2 of the Orcish Mines)

   [amulet of guardian spirit]

   It causes incoming damage to be divided between your reserves of health and
   magic.
   Int:       It affects your intelligence (-3).
   Dex:       It affects your dexterity (+3).
   Slay:      It affects your accuracy & damage with ranged weapons and melee
   (+5).
   rPois:     It protects you from poison.
Wands
 d - a wand of iceblast (77)
 p - a wand of digging (16)
 x - a wand of polymorph (40)
 L - a wand of flame (35)
 R - a wand of light (80)
 T - a wand of charming (79)
 Z - a wand of mindburst (94)
Scrolls
 e - 11 scrolls of fear
 f - 22 scrolls of fog
 h - 8 scrolls of summoning
 r - 8 scrolls of magic mapping
 y - 11 scrolls of blinking
 B - 30 scrolls of teleportation
 E - 7 scrolls of poison
 J - 10 scrolls of vulnerability
 N - 4 scrolls of silence
 V - 12 scrolls of immolation
Potions
 c - 8 potions of invisibility
 i - 9 potions of flight
 j - 16 potions of lignification
 n - a potion of berserk rage
 o - 35 potions of curing
 q - 17 potions of brilliance
 t - 10 potions of cancellation
 u - 11 potions of attraction
 z - 11 potions of might
 C - 5 potions of resistance
 Q - 11 potions of mutation
 S - 12 potions of magic
 W - 5 potions of haste
Miscellaneous
 k - a box of beasts
 l - a tin of tremorstones (2/2)
 m - a lightning rod (4/4)
 s - a phantom mirror
 H - the horn of Geryon
 K - a phial of floods


   Skills:
 * Level 24.7 Fighting
 + Level 17.3 Short Blades
 + Level 11.8 Ranged Weapons
 - Level 2.0 Throwing
 + Level 16.4 Armour
 + Level 15.9 Dodging
 - Level 26.0 Stealth
 - Level 0.3 Shields
 - Level 16.0 Spellcasting
 - Level 7.0 Conjurations
 * Level 23.3 Hexes
 - Level 3.0 Summonings
 - Level 5.0 Necromancy
 - Level 3.0 Transmutations
 - Level 3.0 Ice Magic
 - Level 5.0 Air Magic
 - Level 5.0 Poison Magic
 * Level 12.3 Evocations


You had 7 spell levels left.
You knew the following spells:

 Your Spells              Type           Power      Damage    Failure   Level
a - Ensorcelled Hibernat  Hex/Ice        100%       N/A       1%          2
b - Silence               Hex/Air        40%        N/A       1%          5
c - Dazzling Flash        Conj/Hex       100%       N/A       0%          3
d - Tukima's Dance        Hex            100%       N/A       0%          3
e - Anguish               Hex/Necr       40%        N/A       1%          4
f - Vampiric Draining     Necr           51%        2d9       1%          3
h - Mephitic Cloud        Conj/Pois/Air  54%        N/A       1%          3
i - Fulminant Prism       Conj/Hex       42%        3d19      1%          4
j - Summon Mana Viper     Hex/Summ       79%        N/A       1%          5
k - Cause Fear            Hex            51%        N/A       0%          4
l - Discord               Hex            51%        N/A       1%          8
m - Wereblood             Tmut           40%        N/A       1%          2
n - Metabolic Englaciati  Hex/Ice        39%        N/A       1%          5

Your spell library contained the following spells:

 Spells                   Type           Power      Damage    Failure   Level
 Slow                     Hex            100%       N/A       0%          1
 Confusing Touch          Hex            100%       N/A       0%          3
 Foxfire                  Conj/Fire      100%       2x1d9     1%          1
 Freeze                   Ice            100%       1d10      1%          1
 Kiss of Death            Conj/Necr      100%       2d13      1%          1
 Magic Dart               Conj           100%       1d8       1%          1
 Necrotise                Necr           100%       1d9       1%          1
 Shock                    Conj/Air       100%       1d9       1%          1
 Sting                    Tmut/Pois      100%       1d8       1%          1
 Summon Small Mammal      Summ           100%       N/A       1%          1
 Call Imp                 Summ           80%        N/A       1%          2
 Cigotuvi's Dreadful Rot  Necr/Pois/Air  100%       N/A       1%          2
 Poisonous Vapours        Pois/Air       100%       N/A       1%          2
 Static Discharge         Conj/Air       100%       2-7/arc   1%          2
 Sublimation of Blood     Necr           51%        N/A       1%          2
 Hailstorm                Conj/Ice       51%        3d11      1%          3
 Inner Flame              Hex/Fire       74%        N/A       1%          3
 Portal Projectile        Hex/Tloc       100%       N/A       1%          3
 Spider Form              Tmut/Pois      46%        N/A       1%          3
 Stone Arrow              Conj/Erth      86%        3d12      1%          3
 Summon Guardian Golem    Hex/Summ       79%        N/A       1%          3
 Swiftness                Air            51%        N/A       1%          3
 Leda's Liquefaction      Hex/Erth       37%        N/A       1%          4
 Apportation              Tloc           46%        N/A       2%          1
 Sandblast                Erth           46%        2d11      2%          1
 Passwall                 Tmut/Erth      25%        N/A       2%          2
 Call Canine Familiar     Summ           40%        N/A       2%          3
 Frozen Ramparts          Ice            80%        1d13      2%          3
 Ignite Poison            Fire/Tmut/Pois 38%        N/A       2%          3
 Ozocubu's Armour         Ice            40%        N/A       2%          3
 Vhi's Electric Charge    Tloc/Air       74%        N/A       2%          3
 Airstrike                Air            25%        2d(4-20)  3%          4
 Animate Dead             Necr           51%        N/A       3%          4
 Dispel Undead            Necr           51%        3d19      3%          4
 Olgreb's Toxic Radiance  Pois           51%        N/A       3%          4
 Lesser Beckoning         Tloc           46%        N/A       4%          2
 Scorch                   Fire           46%        2d7       4%          2
 Flame Wave               Conj/Fire      43%        2d11      6%          4
 Iskenderun's Mystic Bla  Conj/Tloc      43%        2d10      6%          4
 Sticky Flame             Conj/Fire      43%        2d6       6%          4
 Arcjolt                  Conj/Air       27%        1d37      6%          5
 Gell's Gravitas          Tloc           23%        N/A       8%          3
 Teleport Other           Tloc           23%        N/A       8%          3
 Volatile Blastmotes      Fire/Tloc      46%        2d13      8%          3
 Ice Form                 Ice/Tmut       40%        N/A       8%          4
 Summon Ice Beast         Ice/Summ       40%        N/A       8%          4
 Agony                    Necr           51%        N/A       10%         5
 Freezing Cloud           Conj/Ice/Air   25%        6-21      10%         5
 Irradiate                Conj/Tmut      25%        3d20      10%         5
 Animate Armour           Summ/Erth      62%        N/A       14%         4
 Petrify                  Tmut/Erth      31%        N/A       14%         4
 Alistair's Intoxication  Tmut/Pois      30%        N/A       14%         5
 Fireball                 Conj/Fire      21%        3d10      17%         5
 Blade Hands              Tmut           20%        N/A       22%         5
 Manifold Assault         Tloc           23%        N/A       26%         4
 Passage of Golubria      Tloc           23%        N/A       26%         4
 Borgnjor's Vile Clutch   Necr/Erth      18%        N/A       26%         5
 Conjure Ball Lightning   Conj/Air       27%        3x3d8     34%         6
 Summon Forest            Summ/Tloc      15%        N/A       36%         5
 Lee's Rapid Deconstruct  Erth           11%        3d8*      58%         5
 Simulacrum               Ice/Necr       23%        N/A       61%         6
 Iron Shot                Conj/Erth      21%        9d5       67%         6
 Starburst                Conj/Fire      21%        6d7       67%         6
 Summon Cactus Giant      Summ           20%        N/A       75%         6
 Orb of Destruction       Conj           29%        9d9       77%         7
 Plasma Beam              Fire/Air       18%        2x1d33    82%         6
 Statue Form              Tmut/Erth      20%        N/A       91%         6
 Spellforged Servitor     Conj/Summ      25%        N/A       96%         7
 Dispersal                Tloc           11%        N/A       99%         6
 Haunt                    Necr/Summ      23%        N/A       99%         7
 Dragon Form              Tmut           20%        N/A       100%        7
 Malign Gateway           Summ/Tloc      15%        N/A       100%        7
 Monstrous Menagerie      Summ           20%        N/A       100%        7
 Ozocubu's Refrigeration  Ice            20%        4d11      100%        7
 Summon Hydra             Summ           20%        N/A       100%        7
 Borgnjor's Revivificati  Necr           25%        N/A       100%        8
 Disjunction              Tloc           11%        N/A       100%        8
 Ignition                 Fire           11%        3d5       100%        8
 Infestation              Necr           25%        N/A       100%        8
 Lehudib's Crystal Spear  Conj/Erth      21%        10d6      100%        8
 Maxwell's Capacitive Co  Air            25%        ∞         100%        8
 Necromutation            Tmut/Necr      23%        N/A       100%        8
 Summon Horrible Things   Summ           20%        N/A       100%        8
 Chain Lightning          Conj/Air       27%        3d36      100%        9
 Death's Door             Necr           25%        N/A       100%        9
 Dragon's Call            Summ           20%        N/A       100%        9
 Fire Storm               Conj/Fire      21%        8d6       100%        9
 Polar Vortex             Ice            20%        N/A       100%        9
 Shatter                  Erth           11%        3d12*     100%        9


Dungeon Overview and Level Annotations

Branches:
Dungeon (15/15)            Temple (1/1) D:4            Lair (5/5) D:11
  Swamp (4/4) Lair:2       Spider (4/4) Lair:3        Slime (5/5) Lair:4
    Orc (2/2) D:11            Elf (3/3) Orc:2        Vaults (5/5) D:13
  Crypt (3/3) Vaults:2       Tomb (1/3) Crypt:3      Depths (4/4) D:15
   Hell (visited)             Dis (1/7) Hell            Geh (0/7) Hell
    Coc (0/7) Hell            Tar (7/7) Hell            Zot (5/5) Depths:4
  Sewer (visited)         Desolation (visited)      Gauntlet (visited)

Altars:
Ashenzari
Cheibriados
Dithmenos
Elyvilon
Fedhas
Gozag
Hepliaklqana
Kikubaaqudgha
Makhleb
Nemelex Xobeh
Okawaru
Qazlal
Ru
Sif Muna
Trog
Uskayaw
Vehumet
Wu Jian
Xom
Yredelemnul
Zin
The Shining One
Jiyva

Shops:
D:9 !   D:13 (   Orc:2 ([*=   Elf:1 *:*=(   Elf:3 (:([   Vaults:2 !
Vaults:3 ?   Zot:2 *   Depths:4 *

Portals:
Hell: Depths:1 Depths:2 Depths:3 Depths:4
Abyss: Depths:3
Pandemonium: Depths:2 Depths:3 Depths:4


Innate Abilities, Weirdness & Mutations

You have razor-sharp teeth.
Your natural rate of healing is unusually fast.
When hurt, damage is shared between your health and your magic reserves.
Your bite disrupts and absorbs the magic of your enemies.
Potions cannot restore your health.
Your flesh is cold resistant. (rC+)
Your magical capacity is low. (-10% MP)


Message History

An Orb Guardian comes into view.
The Orb Guardian barely misses you.
You barely miss the Orb Guardian. Your bite misses the Orb Guardian.
You puncture the Orb Guardian!
Your weapon exudes an aura of protection.
You puncture the Orb Guardian! You bite the Orb Guardian. You drain its power.
You puncture the Orb Guardian! The Orb Guardian misses you.
You hit the Orb Guardian. You bite the Orb Guardian!!
You kill the Orb Guardian!
The Council accepts your kill.
A cherub comes into view. It is wielding a +3 flail of flaming.
The cherub unwields a +3 flail of flaming.
It stops flaming.
The cherub wields a +0 longbow.
The cherub shoots an arrow.
The arrow misses you.
The cherub unwields a +0 longbow.
The cherub wields a +3 flail of flaming.
It bursts into flame!
The cherub misses you. The cherub completely misses you.
You miss the cherub. You bite the cherub! You drain its power.
You barely miss the cherub. You hit the cherub.
Your weapon exudes an aura of protection.
You bite the cherub. You drain its power. You barely miss the cherub.
The cherub misses you. The cherub completely misses you.
You hit the cherub. You bite the cherub! You drain its power.
You hit the cherub. You miss the cherub. Your bite misses the cherub.
You puncture the cherub! You puncture the cherub!
You kill the cherub!
The Council accepts your kill.
Things that are here:
a +3 flail of flaming; a +0 longbow; a +0 robe A chaos spawn comes into view.
You puncture the chaos spawn! You bite the chaos spawn!
You kill the chaos spawn!
The Council accepts your kill.
The chaos spawn degenerates into a cloud of primal chaos!
You see here a +0 club.
There is an open door here.
There is a staircase leading out of the dungeon here.
You have escaped!

....#.# #...# #.#
....#.# ###...### #.#
....#.# #.......# #.#
...##.####.......####.#
#####.#.............#.#
# #...'......⌠......'.#
###.#.#.............###
#..#.####.......####
##.##.# #......@#
.#.##.# ###...###
...##.# #...# ......#
#...# .####### ##'##
.......#####..#
.............##
..........#.##
....#.###.#.#


There were no monsters in sight!

Vanquished Creatures
  the Royal Jelly (Slime:5)
  Ereshkigal (Tar:7)
  A dread lich (Tar:7)
  3 pandemonium lords (Zig:12)
  4 orbs of fire
  9 ancient liches
  The ghost of stpyramids the Champion of Chaos, a legendary DDFi of Makhleb (Zot:2)
  Mara (Vaults:4)
  3 juggernauts
  A royal mummy (Tomb:1)
  Bai Suzhen (Swamp:4)
  Margery (Vaults:4)
  7 Killer Klowns
  Xtahua (Crypt:3)
  2 curse toes
  Geryon (Hell)
  Nikola (Elf:2)
  13 golden dragons
  A pearl dragon (Zig:5)
  29 bone dragons
  6 profane servitors
  Arachne (Spider:2)
  21 Tzitzimimeh
  An electric golem (Zot:5)
  12 doom hounds
  6 Brimstone Fiends
  Rupert (D:13)
  2 hellephants
  A spectral shard shrike (Tar:2)
  18 tentacled monstrosities
  2 Hell Sentinels
  23 Orb Guardians
  An Ice Fiend (Tar:4)
  2 deep elf blademasters (Elf:3)
  14 tainted leviathans
  8 liches
  Asterion (Vaults:1)
  A walking frostbound tome (Depths:2)
  2 searing wretches (Zig:13)
  A walking divine tome (Depths:4)
  2 titans (Vaults:5)
  34 acid blobs
  7 quicksilver dragons
  11 ancient champions
  2 deep elf master archers (Elf:3)
  7 tentacled starspawn
  3 death cobs
  12 sphinxes
  Frances (Swamp:2)
  Donald (Swamp:4)
  3 thorn hunters
  4 shadow dragons
  6 revenants
  17 storm dragons
  7 tengu reavers (Vaults:5)
  17 azure jellies
  Kirke (Swamp:4)
  The ghost of Dordric the Crack Shot, an adept TeHu of Okawaru (Spider:2)
  A fenstrider witch (Swamp:4)
  13 fire giants
  The ghost of notrotatoenough the Carver, an adept DsGl of Okawaru (Swamp:2)
  9 emperor scorpions
  A daeva (Zig:5)
  8 rockslimes
  12 draconian knights
  9 draconian monks
  7 frost giants
  A caustic shrike zombie (Tar:7)
  3 iron dragons
  3 draconian shifters
  24 vault wardens
  Louise (Depths:3)
  Aizul (Vaults:1)
  2 deep elf elementalists (Elf:3)
  6 deep elf sorcerers
  An orc warlord (Zig:8)
  8 ghost moths
  A spectral juggernaut (Tar:1)
  9 balrugs
  2 curse skulls
  7 draconian scorchers
  9 ghouls
  An angel (Zig:5)
  3 draconian stormcallers
  3 spectral caustic shrikes
  2 war gargoyles (Dis:1)
  A shard shrike simulacrum (Abyss:4)
  8 stone giants
  2 spriggan defenders (Depths:3)
  8 cacodemons
  7 draconian annihilators
  11 quicksilver oozes
  7 reapers
  31 very ugly things
  A broodmother (Spider:3)
  An elemental wellspring (Hell)
  9 ironbound thunderhulks
  20 ironbound preservers
  Nessos (D:12)
  8 vampire knights
  17 green draconians
  16 black draconians
  An apis (Zig:5)
  8 deep elf demonologists
  6 eleionomae
  A lorocyproca (Hell)
  7 white draconians
  13 putrid mouths
  13 yellow draconians
  Azrael (D:15)
  12 spark wasps
  2 spectral titans (Tar:1)
  7 purple draconians
  4 dire elephants
  A minotaur (Gauntlet)
  8 deep elf annihilators
  4 bunyips
  12 red draconians
  6 iron golems
  10 eidola
  11 deep elf death magi
  4 mummy priests (Tomb:1)
  A merfolk impaler (Zig:10)
  9 ettins
  A ragged hierophant (Desolation)
  9 fire dragons
  2 crystal guardians
  12 yaktaur captains
  4 deep elf high priests
  20 vault guards
  7 rakshasas
  6 entropy weavers
  16 great orbs of eyes
  A quicksilver dragon skeleton (Tar:7)
  2 shambling mangroves (Swamp:3)
  2 spectral spriggans
  3 jiangshi (Crypt:1)
  3 hell beasts
  22 hydras
  2 spriggan air magi
  An anaconda (Zig:3)
  2 jorogumos
  2 peacekeepers
  9 ghost crabs
  4 radroaches
  A boulder beetle (shapeshifter) (Vaults:5)
  11 boulder beetles
  7 ice dragons
  5 ironbound frosthearts
  An ogre mage (Orc:2)
  2 death knights
  An anaconda (shapeshifter) (Zig:6)
  20 centaur warriors
  A servant of whispers (Desolation)
  39 dancing weapons
  A fenstrider witch skeleton (Crypt:2)
  11 alligators
  3 deep troll shamans
  5 two-headed ogres
  A death scarab (Spider:4)
  4 death yaks
  5 deep troll earth magi
  8 tengu warriors
  A naga sharpshooter (Zig:3)
  5 orc high priests
  9 hell hogs
  3 spriggan berserkers
  2 titan zombies
  3 vampire magi
  14 thrashing horrors
  8 sun demons
  23 hell knights
  A crystal echidna (Dis:1)
  20 deep elf knights
  5 soul eaters
  21 skeletal warriors
  A fire crab (shapeshifter) (Vaults:5)
  A sun moth (Spider:2)
  5 wretched stars
  2 spatial maelstroms
  4 goliath frogs
  8 iron trolls
  6 pharaoh ants
  A salamander mystic (Zig:3)
  A spark wasp zombie (Crypt:2)
  3 cherubim
  A death drake (Swamp:2)
  23 shadow wraiths
  2 storm dragon skeletons
  A sea snake (shapeshifter) (Elf:2)
  5 flayed ghosts
  3 glowing orange brains
  A deep troll (shapeshifter) (Vaults:5)
  3 shadow demons
  11 orb spiders
  3 sixfirhies
  13 spriggan druids
  A spectral anaconda (Tar:4)
  52 deep trolls
  8 lindwurms
  A spriggan simulacrum (Crypt:1)
  A golden dragon skeleton (Crypt:1)
  13 deep elf archers
  20 ironbound convokers
  3 steelbarb worms
  38 deep elf zephyrmancers
  9 phantasmal warriors
  10 bog bodies
  An obsidian statue (Zot:2)
  11 swamp dragons
  5 harpies
  A tengu zombie (Vaults:3)
  11 orc knights
  2 orange crystal statues (Hell)
  15 necromancers
  9 wizards
  A sphinx zombie (Crypt:2)
  31 deep elf pyromancers
  36 large abominations
  An oklob plant (Gauntlet)
  16 starcursed masses
  10 shining eyes
  2 stone giant zombies
  5 manticores
  A salamander (Depths:1)
  28 ugly things
  A tengu skeleton (Vaults:3)
  8 orc sorcerers
  3 will-o-the-wisps
  A fire giant zombie (D:15)
  20 wolf spiders
  2 worldbinders (Abyss:3)
  A sphinx skeleton (Vaults:3)
  4 cyclopes
  30 moths of wrath
  A stone giant skeleton (Vaults:3)
  An elephant (shapeshifter) (D:9)
  8 apocalypse crabs
  A salamander (shapeshifter) (Vaults:5)
  3 elf zombies (Vaults:3)
  A naga mage (Zig:3)
  A fire giant skeleton (Crypt:1)
  A merfolk siren (Zig:10)
  A naga zombie (Tar:7)
  9 elephants
  17 smoke demons
  A torpor snail (shapeshifter) (Vaults:5)
  3 black mambas
  7 demonic crawlers
  10 vault sentinels
  2 water nymphs (Zig:10)
  A dire elephant skeleton (Crypt:1)
  A naga skeleton (Tar:7)
  8 torpor snails
  3 human skeletons (Vaults:3)
  3 eyes of devastation
  2 storm dragon simulacra
  2 rust devils (Hell)
  An unseen horror zombie (Crypt:3)
  A gargoyle (D:11)
  3 orange demons
  10 cane toads
  38 yaktaurs
  3 spriggan zombies
  A catoblepas zombie (Crypt:2)
  Psyche (D:8)
  4 molten gargoyles (Hell)
  9 tormentors
  3 efreet
  A swamp worm zombie (Crypt:1)
  An anaconda simulacrum (Hell)
  5 tengu conjurers
  4 hellions
  5 rime drakes
  13 guardian mummies
  8 ancient zymes
  A freezing wraith (Vaults:5)
  A spectral deep troll (Tar:1)
  7 komodo dragons
  A sea snake zombie (Crypt:3)
  A hydra zombie (Tar:7)
  4 red devils
  A spectral harpy (Tar:3)
  2 ice devils
  3 merfolk (Zig:10)
  A spectral naga (Tar:2)
  A moth of wrath zombie (Crypt:3)
  6 meliai
  4 trolls
  3 hellwings
  25 tarantellas
  4 blink frogs (Lair:1)
  2 polar bears
  2 harpy skeletons
  19 hornets
  15 tyrant leeches
  A stone giant simulacrum (Vaults:3)
  A wolf spider simulacrum (D:15)
  9 saltlings (Desolation)
  5 raiju
  111 slime creatures
  10 flying skulls
  22 jumping spiders
  A centaur simulacrum (D:15)
  A guardian serpent skeleton (Crypt:1)
  11 spriggans
  An ushabti (Tomb:1)
  2 dire elephant simulacra (Hell)
  22 culicivoras
  A naga simulacrum (Crypt:1)
  2 air elementals (Elf:3)
  3 ynoxinuls
  2 shadows (D:11)
  2 ettin skeletons
  9 wraiths
  66 yaks
  6 basilisks
  A basilisk (shapeshifter) (D:14)
  2 water elementals
  10 wyverns
  8 fire elementals
  21 vampire mosquitoes
  11 golden eyes
  17 small abominations
  4 neqoxecs
  8 chaos spawn
  7 steam dragons
  3 hogs
  15 humans
  41 redbacks
  A water nymph zombie (Crypt:3)
  3 wargs
  A harpy simulacrum (Crypt:2)
  4 spatial vortices
  20 swamp worms
  An ogre zombie (Vaults:3)
  4 acid dragons
  2 hell hounds (D:15)
  18 water moccasins
  An entropy weaver zombie (Crypt:2)
  3 sky beasts
  7 swamp drakes
  3 ettin simulacra (Depths:3)
  2 ice beasts
  31 orc warriors
  A blink frog zombie (Crypt:2)
  An ogre (shapeshifter) (Vaults:5)
  A boggart (Vaults:3)
  A black mamba simulacrum (Crypt:1)
  15 wolves
  A torpor snail zombie (Crypt:3)
  8 ogres
  12 centaurs
  A dream sheep skeleton (Crypt:2)
  A rime drake zombie (Crypt:1)
  A phantom (D:4)
  4 kobold brigands
  A yaktaur zombie (Crypt:3)
  10 bullfrogs
  2 gnoll sergeants (D:9)
  2 komodo dragon skeletons
  3 necrophages
  3 scorpions
  4 earth elementals
  A wight (D:9)
  21 killer bees
  2 electric eels
  2 howler monkeys (D:9)
  A basilisk zombie (Crypt:3)
  A quasit (Abyss:3)
  7 hounds
  21 orc priests
  5 jellies
  4 sleepcaps (D:5)
  3 iguanas
  33 orc wizards
  2 acid dragon skeletons
  An ogre skeleton (Crypt:2)
  A hound skeleton (Crypt:1)
  17 mummies
  9 adders
  4 gnolls (D:3)
  3 river rats
  A shadow imp (D:5)
  7 white imps
  An ufetubus (Abyss:3)
  A jelly zombie (Crypt:3)
  2 worms (D:4)
  4 dart slugs
  72 orcs
  13 endoplasms
  3 giant cockroaches
  8 goblins
  9 hobgoblins
  5 jackals
  3 quokkas
  A river rat zombie (Crypt:2)
  9 ball pythons
  5 bats
  3 frilled lizards
  A goblin skeleton (Crypt:1)
  18 kobolds
  An orc skeleton (Crypt:1)
  10 rats
  2 starspawn tentacles (Abyss:4)
2887 creatures vanquished.

Vanquished Creatures (collateral kills)
  A dread lich (Vaults:5)
  A juggernaut (Zig:8)
  2 Killer Klowns
  the Lernaean hydra (Swamp:4)
  A curse toe (Zot:2)
  A golden dragon (Zot:2)
  2 bone dragons (Tar:7)
  A hellephant (Zig:13)
  2 tainted leviathans (Tar:7)
  A tentacled monstrosity (Zot:2)
  A searing wretch (Zig:13)
  3 storm dragons
  2 shadow dragons (Zot:2)
  A draconian monk (Zot:2)
  A fire giant (Vaults:5)
  A vault warden (Vaults:5)
  A ghoul (Swamp:4)
  A draconian scorcher (Zot:2)
  A balrug (Zig:13)
  A caustic shrike zombie (Tar:7)
  A draconian stormcaller (Zig:11)
  5 draconian annihilators
  2 green draconians (Zot:4)
  2 white draconians
  3 yellow draconians
  3 black draconians
  4 red draconians
  2 purple draconians
  A wendigo (Hell)
  An ettin (Vaults:5)
  An eidolon (Tar:7)
  A merfolk javelineer (Zig:10)
  2 yaktaur captains (Vaults:5)
  2 hydras (Swamp:4)
  12 vault guards (Vaults:5)
  A two-headed ogre (Zig:8)
  A death yak (shapeshifter) (Zig:12)
  An orc high priest (Zig:8)
  2 hell knights
  A sixfirhy (Hell)
  A sea snake (Zig:10)
  A glowing orange brain (Abyss:4)
  3 shadow wraiths (Tar:7)
  An ironbound convoker (Desolation)
  2 necromancers (Hell)
  A lindwurm (shapeshifter) (Zig:12)
  2 harpies (Zig:10)
  An ugly thing (Zig:12)
  A shining eye (Abyss:4)
  6 moths of wrath
  2 water nymphs (Zig:10)
  A vault sentinel (Vaults:5)
  A smoke demon (Zig:9)
  A hellion (Zig:13)
  2 yaktaurs (Vaults:5)
  A troll (Zig:7)
  5 merfolk (Zig:10)
  2 raiju (Zig:9)
  2 saltlings (Desolation)
  A polar bear (shapeshifter) (Zig:12)
  2 snapping turtles (Zig:10)
  A water elemental (Zig:10)
  A golden eye (Abyss:4)
  2 wargs (Zig:7)
  4 orc warriors (Zig:8)
  A swamp drake (Swamp:4)
  6 ogres
  2 small abominations (Abyss:4)
  A fulminant prism (Zot:2)
  A starspawn tentacle (Zig:9)
132 creatures vanquished.

Vanquished Creatures (others)
  An ancient lich (Crypt:3)
  2 bone dragons (Tar:7)
  A tainted leviathan (Tar:7)
  A quicksilver dragon (Zot:2)
  A tengu reaver (Vaults:5)
  A shadow dragon (Vaults:5)
  A fire giant (Vaults:5)
  A balrug (Zig:13)
  A vault warden (Vaults:5)
  A draconian annihilator (Zot:4)
  A green draconian (Zot:2)
  A hydra (Swamp:2)
  An orc high priest (Zig:8)
  A deep elf knight (Elf:2)
  A moth of wrath (Zig:7)
  2 vault sentinels (Vaults:5)
  A tormentor (Zig:13)
  2 bloated husks
  A merfolk (Zig:10)
  A tarantella (Spider:1)
  3 slime creatures (Abyss:4)
  A flying skull (Abyss:4)
  A golden eye (Abyss:4)
  An orc warrior (Zig:7)
  An ogre (Zig:8)
  An orc wizard (Orc:2)
  6 foxfires (Swamp:1)
  11 fulminant prisms
  A lurking horror (Abyss:3)
  5 starspawn tentacles
54 creatures vanquished.

Grand Total: 3073 creatures vanquished

Notes
Turn   | Place    | Note
-------+----------+-------------------------------------------
     0 | D:1      | monsoonserge the Vine Stalker Enchanter began the quest for
                  | the Orb.
     0 | D:1      | Reached XP level 1. HP: 9/9 MP: 4/4
   138 | D:1      | Reached XP level 2. HP: 12/13 MP: 4/6
   150 | D:1      | Learned a level 2 spell: Ensorcelled Hibernation
   207 | D:1      | Reached skill level 1 in Short Blades
   315 | D:1      | Reached skill level 4 in Stealth
   537 | D:1      | Reached XP level 3. HP: 16/16 MP: 7/7
   541 | D:1      | Learned a level 3 spell: Confusing Touch
   846 | D:2      | Noticed an ogre
  1264 | D:2      | Killed an ogre
  1265 | D:2      | Reached skill level 1 in Fighting
  1265 | D:2      | Reached skill level 1 in Ice Magic
  1265 | D:2      | Gained mutation: Your natural rate of healing is unusually
                  | fast. [Vine Stalker growth]
  1265 | D:2      | Reached XP level 4. HP: 22/22 MP: 0/9
  1265 | D:2      | Reached XP level 5. HP: 25/25 MP: 0/10
  1350 | D:2      | Found a faded altar of an unknown god.
  1599 | D:3      | Identified the +2 ring mail "Ifo Iczyekhlo" {Contam Harm
                  | rElec Str+4}
  1644 | D:3      | Learned a level 3 spell: Dazzling Flash
  1694 | D:3      | Reached skill level 5 in Stealth
  1821 | D:3      | Reached XP level 6. HP: 26/30 MP: 2/11
  1896 | D:3      | Found a glowing drain.
  1923 | Sewer    | Entered a sewer
  2019 | Sewer    | Reached skill level 1 in Conjurations
  2166 | Sewer    | Reached skill level 1 in Armour
  2675 | Sewer    | Reached skill level 6 in Stealth
  2675 | Sewer    | Reached XP level 7. HP: 33/33 MP: 9/12
  2969 | D:3      | Learned a level 3 spell: Tukima's Dance
  3194 | D:4      | Found a staircase to the Ecumenical Temple.
  3201 | Temple   | Entered the Ecumenical Temple
  3654 | D:4      | You fall into a shaft and drop 1 floor!
  3654 | D:5      | Entered Level 5 of the Dungeon
  3693 | D:5      | Found a shimmering blue altar of Sif Muna.
  3933 | D:4      | Reached skill level 7 in Stealth
  4256 | D:5      | Gained mutation: You have razor-sharp teeth. [Vine Stalker
                  | growth]
  4256 | D:5      | Reached XP level 8. HP: 37/37 MP: 10/13
  4401 | D:5      | Reached skill level 8 in Stealth
  5254 | D:6      | Found a blossoming altar of Fedhas.
  5335 | D:6      | Reached skill level 9 in Stealth
  5412 | D:6      | Reached XP level 9. HP: 42/42 MP: 12/15
  5606 | D:6      | Reached skill level 5 in Hexes
  5839 | D:7      | Found an ornate altar of the Wu Jian Council.
  5848 | D:7      | Became a worshipper of the Wu Jian Council
  5939 | D:7      | Noticed a cyclops
  5945 | D:7      | Killed a cyclops
  5946 | D:7      | Reached skill level 10 in Stealth
  6340 | D:7      | Noticed a two-headed ogre
  6340 | D:7      | Noticed a two-headed ogre
  6376 | D:8      | Reached skill level 11 in Stealth
  6382 | D:8      | Reached skill level 5 in Armour
  6388 | D:8      | Reached XP level 10. HP: 46/46 MP: 1/17
  6559 | D:8      | Found a broken altar of Ashenzari.
  6561 | D:8      | Found a glowing golden altar of the Shining One.
  6589 | D:8      | Found a white marble altar of Elyvilon.
  6644 | D:8      | Learned a level 4 spell: Anguish
  6985 | D:8      | Reached * piety under Wu Jian
  6986 | D:8      | Reached skill level 1 in Necromancy
  7059 | D:8      | Noticed Psyche
  7061 | D:8      | Killed Psyche
  7609 | D:7      | Found the +12 pair of quick blades "Gyre" and "Gimble"
                  | {protect}
  7871 | D:9      | Noticed a cyan ugly thing
  7874 | D:9      | Noticed a tengu warrior
  7941 | D:9      | Found a transporter.
  7941 | D:9      | Noticed a boulder beetle
  7944 | D:9      | a yaktaur changed into a guardian serpent
  7944 | D:9      | Noticed a guardian serpent (shapeshifter)
  7967 | D:9      | a guardian serpent changed into a lindwurm
  7967 | D:9      | Noticed a lindwurm (shapeshifter)
  7982 | D:9      | a lindwurm changed into a cyclops
  7982 | D:9      | Noticed a cyclops (shapeshifter)
  8083 | D:9      | Found Ipsau's Distillery.
  8105 | D:9      | Bought a potion of curing for 30 gold pieces
  8105 | D:9      | Bought a potion of might for 40 gold pieces
  8381 | D:9      | Found a transporter.
  8393 | D:9      | Identified the +0 ring mail of Paupheps {Str+3}
  8400 | D:9      | Reached skill level 5 in Short Blades
  8430 | D:9      | Found a burning altar of Makhleb.
  8430 | D:9      | Noticed a cacodemon
  8436 | D:9      | Found a glowing silver altar of Zin.
  8436 | D:9      | Noticed an angel
  8577 | D:10     | Entered Level 10 of the Dungeon
  8642 | D:10     | Reached skill level 1 in Evocations
  8644 | D:10     | Reached XP level 11. HP: 47/51 MP: 18/18
  8749 | D:10     | Reached ** piety under Wu Jian
  9023 | D:10     | Found an iron altar of Okawaru.
  9569 | D:11     | Noticed a manticore
  9577 | D:11     | Killed a manticore
  9622 | D:11     | Found a staircase to the Orcish Mines.
  9681 | D:11     | Reached *** piety under Wu Jian
  9755 | D:11     | Found a staircase to the Lair.
 10113 | D:11     | Reached XP level 12. HP: 58/58 MP: 19/19
 10133 | D:11     | Reached **** piety under Wu Jian
 10514 | D:12     | Found a white marble altar of Elyvilon.
 10674 | D:12     | Reached skill level 5 in Fighting
 10674 | D:12     | Reached skill level 1 in Ranged Weapons
 11001 | D:12     | Noticed Nessos
 11007 | D:12     | Killed Nessos
 11008 | D:12     | Reached skill level 12 in Stealth
 11301 | Lair:1   | Entered Level 1 of the Lair of Beasts
 11905 | Lair:2   | Noticed an eight-headed hydra
 11912 | Lair:2   | Killed an eight-headed hydra
 12180 | Lair:2   | Found a staircase to the Swamp.
 12241 | Lair:2   | Reached skill level 13 in Stealth
 12340 | Lair:2   | Reached skill level 5 in Spellcasting
 12379 | Lair:2   | Reached ***** piety under Wu Jian
 12482 | Lair:2   | Noticed a six-headed hydra
 12487 | Lair:2   | Killed a six-headed hydra
 12805 | Lair:3   | Noticed a death yak
 12806 | Lair:3   | Noticed a death yak
 12806 | Lair:3   | Noticed a death yak
 12806 | Lair:3   | Noticed a death yak
 12813 | Lair:3   | Noticed an eight-headed hydra
 12827 | Lair:2   | Killed a death yak
 12828 | Lair:2   | Reached XP level 13. HP: 59/67 MP: 21/21
 12864 | Lair:3   | Found the +3 pair of mountain boots {steadfast, rC+}
 13260 | Lair:3   | Found a hole to the Spider Nest.
 13395 | Orc:1    | Entered Level 1 of the Orcish Mines
 13409 | Orc:1    | Found a transporter.
 13419 | Orc:1    | Found a transporter.
 13483 | Orc:1    | Noticed an ettin
 13619 | Orc:2    | Entered Level 2 of the Orcish Mines
 13766 | Orc:2    | Noticed an ettin
 13771 | Orc:2    | Killed an ettin
 13833 | Orc:2    | Found a staircase to the Elven Halls.
 13835 | Orc:2    | Reached skill level 14 in Stealth
 13971 | Orc:2    | Found Wuyp's Jewellery Shop.
 14287 | Orc:2    | Reached skill level 10 in Hexes
 14703 | Orc:1    | Learned a level 3 spell: Vampiric Draining
 14868 | D:13     | Reached XP level 14. HP: 59/74 MP: 4/24
 14962 | D:13     | Identified the +3 sling of Sudau {flame, rPois}
 15017 | D:13     | Found a gate leading to a gauntlet.
 15025 | Gauntlet | Entered a Gauntlet
 15025 | Gauntlet | Found a large runed translucent door.
 15025 | Gauntlet | Found a large runed translucent door.
 15025 | Gauntlet | Found a large runed translucent door.
 15025 | Gauntlet | Found a large runed translucent door.
 15025 | Gauntlet | Found a runed translucent door.
 15025 | Gauntlet | Found a large runed translucent door.
 15025 | Gauntlet | Found a large runed translucent door.
 15025 | Gauntlet | Found a transporter.
 15025 | Gauntlet | Found a transporter.
 15025 | Gauntlet | Found a large runed translucent door.
 15025 | Gauntlet | Found a large runed translucent door.
 15025 | Gauntlet | Found a runed translucent gate.
 15025 | Gauntlet | Found a runed translucent gate.
 15025 | Gauntlet | Found a transporter.
 15027 | Gauntlet | Found a transporter.
 15029 | Gauntlet | Found a transporter.
 15077 | Gauntlet | Found a transporter.
 15081 | Gauntlet | Found a transporter.
 15094 | Gauntlet | Found a transporter.
 15113 | Gauntlet | Noticed a dire elephant
 15118 | Gauntlet | Found a transporter.
 15136 | Gauntlet | Found a transporter.
 15140 | Gauntlet | Found a transporter.
 15154 | Gauntlet | Found a transporter.
 15160 | Gauntlet | Found a runed translucent gate.
 15161 | Gauntlet | Found a large runed translucent door.
 15161 | Gauntlet | Found a large runed translucent door.
 15163 | Gauntlet | Found a large runed translucent door.
 15164 | Gauntlet | Found a large runed translucent door.
 15168 | Gauntlet | Found a large runed translucent door.
 15168 | Gauntlet | Found a large runed translucent door.
 15168 | Gauntlet | Found a runed translucent door.
 15169 | Gauntlet | Found a large runed translucent door.
 15170 | Gauntlet | Found a large runed translucent door.
 15332 | Gauntlet | Killed a dire elephant
 15637 | D:13     | Found a gate to the Vaults.
 15662 | D:13     | Reached ****** piety under Wu Jian
 15663 | D:13     | Noticed Rupert
 15675 | D:13     | Paralysed by Rupert for 3 turns
 15703 | D:13     | HP: 1/75 [centaur warrior/arrow (12)]
 15914 | D:9      | Reached skill level 5 in Necromancy
 15931 | D:9      | Identified the +2 cloak of Otsyjel {Str+5 Int+9}
 16033 | D:9      | Learned a level 3 spell: Swiftness
 16316 | Lair:3   | Reached skill level 5 in Dodging
 16557 | Lair:4   | Reached skill level 1 in Air Magic
 16616 | Lair:4   | Identified the +1 pair of gloves of the Forest {rF+ Str+3
                  | Dex+3}
 16772 | Lair:4   | Found a staircase to the Slime Pits.
 16777 | Lair:4   | Found a viscous altar of Jiyva.
 16939 | Lair:4   | Reached skill level 10 in Fighting
 17223 | Lair:5   | Entered Level 5 of the Lair of Beasts
 17280 | Lair:5   | Reached XP level 15. HP: 80/80 MP: 26/26
 17356 | Lair:5   | Reached skill level 5 in Evocations
 17527 | Lair:5   | Identified the +8 mace of Untimely Demise {heavy, Str+4}
 18263 | Elf:1    | Entered Level 1 of the Elven Halls
 18518 | Elf:1    | Noticed a deep elf sorcerer
 18525 | Elf:1    | Killed a deep elf sorcerer
 18666 | Elf:1    | Found Hidutwausm's General Store.
 18726 | Elf:1    | Found Ufowi's Jewellery Boutique.
 18846 | Elf:1    | Reached skill level 15 in Stealth
 18915 | Elf:1    | Found Muopaxzo's General Store.
 18934 | Elf:1    | Found Boeje's Weapon Emporium.
 18987 | Elf:1    | Found Turghuc's Book Boutique.
 19309 | Elf:2    | Reached XP level 16. HP: 71/87 MP: 27/27
 19648 | Elf:2    | Found a runed translucent gate.
 19648 | Elf:2    | Found a runed translucent gate.
 19648 | Elf:2    | Found a runed translucent gate.
 19836 | Elf:2    | Found a crumbling gateway.
 19857 | Desolati | Entered the Desolation of Salt
 19882 | Desolati | HP: 4/88 [saltling (8)]
 20288 | Elf:3    | Entered Level 3 of the Elven Halls
 20292 | Elf:3    | Found Impol's Antique Weapon Boutique.
 20310 | Elf:3    | Found Rimeorex's Antique Armour Emporium.
 20319 | Elf:3    | Paralysed by an air elemental for 1 turns
 20321 | Elf:3    | Paralysed by an air elemental for 1 turns
 20370 | Elf:3    | Noticed a deep elf master archer
 20515 | Orc:2    | Found Nessimm's Antique Weapon Shop.
 20517 | Orc:2    | Found Mer Peac's Antique Armour Emporium.
 20521 | Orc:2    | Found Emet Gamp's General Store.
 20593 | Orc:2    | Bought a potion of might for 60 gold pieces
 20595 | Orc:2    | Bought a ring of the Octopus King {rCorr HP+2 AC+2 EV+2
                  | SH+2} for 733 gold pieces
 20595 | Orc:2    | Found the ring of the Octopus King {rCorr HP+2 AC+2 EV+2
                  | SH+2}
 20613 | Orc:2    | Bought the amulet of the Moon {Spirit rPois Int-3 Dex+3
                  | Slay+5} for 808 gold pieces
 20853 | Swamp:1  | Entered Level 1 of the Swamp
 20897 | Swamp:1  | Reached skill level 10 in Short Blades
 20961 | Swamp:1  | Learned a level 3 spell: Mephitic Cloud
 21031 | Swamp:1  | Reached skill level 1 in Poison Magic
 21049 | Swamp:1  | Reached XP level 17. HP: 93/93 MP: 20/28
 21174 | Swamp:1  | Found a runed translucent door.
 21203 | Swamp:1  | Identified the +4 plate armour of the End {Dex+3}
 21738 | Swamp:2  | Noticed notrotatoenough's ghost (adept DsGl)
 21906 | Swamp:2  | Noticed Frances
 21998 | Spider:1 | Entered Level 1 of the Spider Nest
 22577 | Spider:2 | Noticed Arachne
 22584 | Spider:2 | Killed Arachne
 22599 | Spider:2 | Found a runed translucent gate.
 22600 | Spider:2 | Found a runed translucent gate.
 22601 | Spider:2 | Found a runed translucent gate.
 22726 | Spider:2 | Reached skill level 5 in Conjurations
 22862 | Spider:2 | Noticed Dordric's ghost (adept TeHu)
 23515 | Spider:4 | Entered Level 4 of the Spider Nest
 23517 | Spider:4 | Reached skill level 5 in Poison Magic
 23532 | Spider:4 | Reached XP level 18. HP: 100/100 MP: 30/30
 23799 | Spider:4 | Got a gossamer rune of Zot
 24624 | Slime:1  | Entered Level 1 of the Pits of Slime
 24654 | Slime:1  | Reached skill level 10 in Armour
 25655 | Slime:3  | Reached XP level 19. HP: 78/107 MP: 22/32
 25928 | Slime:4  | Gained mutation: You occasionally lose the ability to read
                  | scrolls when taking damage. [a shining eye]
 26054 | Slime:4  | Gained mutation: You sometimes lose the ability to read
                  | scrolls when taking damage. [a shining eye]
 26068 | Slime:4  | Reached skill level 15 in Fighting
 26257 | Slime:5  | Entered Level 5 of the Pits of Slime
 26602 | Slime:5  | Found a viscous altar of Jiyva.
 26773 | Slime:5  | Noticed the Royal Jelly
 27119 | Lair:5   | Found a runed translucent door.
 27822 | Spider:2 | Killed Dordric's ghost
 28352 | Swamp:2  | Found a runed translucent gate.
 28352 | Swamp:2  | Found a runed translucent gate.
 28352 | Swamp:2  | Found a runed translucent gate.
 28359 | Swamp:2  | You are sucked into a shaft and drop 1 floor!
 28396 | Swamp:2  | Killed Frances
 28526 | Swamp:2  | Reached XP level 20. HP: 53/114 MP: 12/33
 28530 | Swamp:2  | Killed notrotatoenough's ghost
 28801 | Swamp:3  | Reached skill level 16 in Stealth
 29268 | Swamp:3  | Reached skill level 10 in Dodging
 29372 | Swamp:4  | Entered Level 4 of the Swamp
 29459 | Swamp:4  | Noticed Kirke
 29552 | Swamp:4  | Killed Kirke
 29630 | Swamp:4  | Reached skill level 17 in Stealth
 29710 | Swamp:4  | Noticed Bai Suzhen
 29716 | Swamp:4  | Killed Bai Suzhen
 29725 | Swamp:4  | Learned a level 4 spell: Fulminant Prism
 30085 | Swamp:4  | Noticed the 27-headed Lernaean hydra
 30087 | Swamp:4  | Noticed Donald
 30089 | Swamp:4  | Killed the 27-headed Lernaean hydra
 30094 | Swamp:4  | Killed Donald
 30282 | Swamp:4  | Got a decaying rune of Zot
 30641 | Slime:5  | Killed the Royal Jelly
 30949 | Slime:5  | Got a slimy rune of Zot
 30953 | Slime:5  | Identified the +3 hand axe of Exquisite Torment {freeze,
                  | *Noise Fly rC+++ Will+}
 30961 | Slime:5  | Identified the staff of air "Wuehiama" {*Corrode rElec
                  | rC+++ Dex-3 SInv}
 30967 | Slime:5  | Identified the +1 cloak "Vuydacu" {rC+}
 30989 | Slime:5  | Identified the +2 chain mail of Egalitarianism {Dex+3}
 31012 | Slime:5  | Identified the +9 war axe "Killer Klown's Bane" {venom,
                  | +Blink rC+ Dex-2 SInv}
 31021 | Slime:5  | Identified the +1 pair of gloves of Circular Logic {rN+
                  | Int+3 Dex-3}
 31028 | Slime:5  | Identified the +10 war axe of Summer {venom, Dex+2}
 31031 | Slime:5  | Identified the +7 mace of Ruf Wero {protect, Fly rF- SInv}
 31372 | Orc:1    | Reached XP level 21. HP: 118/120 MP: 34/34
 31388 | Orc:1    | Identified the +0 hat of Hysteria {Contam rN++ Dex+5}
 31756 | Elf:2    | Reached skill level 5 in Air Magic
 31771 | Elf:2    | Noticed Nikola
 31780 | Elf:2    | Killed Nikola
 32121 | Elf:3    | Found Nijugg's Antique Weapon Boutique.
 32164 | Elf:3    | Identified the +2 long sword of Cosiotap {drain, *Corrode
                  | +Blink Int+8 Stlth-}
 32233 | Elf:3    | Reached skill level 18 in Stealth
 32367 | Elf:3    | Identified the ring "Loloat" {rF+ rC+ AC+4 Str+2}
 32468 | Elf:3    | Found Kineqeo's Antique Weapon Shop.
 32717 | Elf:3    | Identified the amulet of Musmy {Reflect rElec Int-2 Dex+7
                  | SH+5 Stlth-}
 32743 | Elf:3    | Identified the staff of poison "Qaresesch" {rPois SInv
                  | Stlth+}
 32773 | Elf:3    | Learned a level 5 spell: Summon Mana Viper
 32804 | Elf:3    | Identified the +1 ring mail of the Jackalope {rElec MP+9
                  | Str-5 Stlth+}
 32841 | Elf:3    | Got the Tome of Puissant Ashes
 33054 | Elf:3    | Found Kox Gim's Book Shoppe.
 33175 | Elf:3    | Reached skill level 1 in Summonings
 33694 | D:13     | Killed Rupert
 33733 | D:13     | Found Lecioleu's Weapon Shop.
 35057 | D:15     | Entered Level 15 of the Dungeon
 35061 | D:15     | Found a staircase to the Depths.
 35409 | D:15     | Noticed Azrael
 35419 | D:15     | Killed Azrael
 35706 | Depths:1 | Entered Level 1 of the Depths
 35794 | Vaults:1 | Entered Level 1 of the Vaults
 35798 | Vaults:1 | Noticed Asterion
 35804 | Vaults:1 | Killed Asterion
 35860 | Vaults:1 | Reached XP level 22. HP: 114/128 MP: 35/35
 36322 | Vaults:1 | Noticed Aizul
 36329 | Vaults:1 | Killed Aizul
 36808 | Vaults:2 | Reached skill level 19 in Stealth
 36986 | Vaults:2 | Found Owawint's Distillery.
 37369 | Vaults:2 | Learned a level 4 spell: Cause Fear
 37812 | Vaults:2 | Found a staircase to the Crypt.
 38242 | Vaults:3 | Reached skill level 20 in Stealth
 38338 | Vaults:3 | Found Mutotax's Magic Scroll Boutique.
 38341 | Vaults:3 | Bought a scroll of teleportation for 48 gold pieces
 38367 | Vaults:3 | Reached skill level 10 in Spellcasting
 38367 | Vaults:3 | Reached skill level 15 in Hexes
 38522 | Vaults:3 | Reached XP level 23. HP: 134/134 MP: 38/38
 39437 | Vaults:4 | Noticed Mara
 39449 | Vaults:4 | Killed Mara
 39557 | Vaults:4 | Found a flickering gateway to a bazaar.
 39625 | Bazaar   | Entered a bazaar
 39625 | Bazaar   | Found Muth's Armour Emporium.
 39625 | Bazaar   | Found Pusunkyn's Jewellery Shoppe.
 39625 | Bazaar   | Found Giol's Antique Armour Shoppe.
 39625 | Bazaar   | Found Deanlatu's Jewellery Emporium.
 39625 | Bazaar   | Found Xyufuen's General Store.
 39647 | Bazaar   | Bought 2 scrolls of fear for 160 gold pieces
 39810 | Vaults:4 | Identified the +4 rapier of Eternal Vigilance {holy,
                  | Fragile Fly rF+ rCorr}
 39923 | Vaults:4 | Noticed Margery
 39945 | Vaults:4 | Killed Margery
 40616 | Crypt:1  | Entered Level 1 of the Crypt
 40776 | Crypt:1  | Reached skill level 21 in Stealth
 40984 | Crypt:1  | Paralysed by something for 5 turns
 40998 | Crypt:1  | Reached XP level 24. HP: 53/140 MP: 39/39
 41563 | Crypt:2  | Got the Catalogue of the Torrid Anticline
 41658 | Crypt:2  | Noticed Xtahua
 41662 | Crypt:3  | Entered Level 3 of the Crypt
 41766 | Crypt:3  | Killed Xtahua
 42429 | Crypt:3  | Identified the +7 arbalest "Vuhun" {penet, Will- Dex+2
                  | SInv}
 42559 | Crypt:3  | Noticed a curse toe
 42577 | Crypt:3  | Killed a curse toe
 42587 | Crypt:3  | Learned a level 8 spell: Discord
 42968 | Crypt:3  | Found a staircase to the Tomb.
 43072 | Crypt:3  | Noticed an ancient lich
 43088 | Crypt:3  | Killed an ancient lich
 43103 | Crypt:3  | Got the Tractate on Hail
 43110 | Crypt:3  | Identified the +5 double sword of the Maze {pain, Str-3
                  | Dex+2 SInv}
 43116 | Crypt:3  | Identified the +0 robe of the Moneychanger {rPois rF+
                  | Dex+3}
 43246 | Tomb:1   | Entered Level 1 of the Tomb of the Ancients
 43310 | Tomb:1   | Identified the +0 ring mail of the Hidden Vale {rCorr}
 43390 | Tomb:1   | Paralysed by a sphinx for 5 turns
 43592 | Tomb:1   | Noticed a royal mummy
 43598 | Tomb:1   | Killed a royal mummy
 43599 | Tomb:1   | Reached skill level 22 in Stealth
 43877 | Tomb:1   | Identified the +3 leather armour "Bodghud" {rPois rN++
                  | Str-2 SInv}
 44684 | Depths:1 | Identified the ring of Suyryin {Will+ Str+3 Int+2 Dex-3}
 44756 | Depths:1 | Found a gateway to Hell.
 45031 | Depths:1 | Reached XP level 25. HP: 146/146 MP: 33/40
 45314 | Depths:2 | Found a transporter.
 45487 | Depths:2 | Found a one-way gate leading to the halls of Pandemonium.
 45698 | Depths:2 | Found a radiant altar of Vehumet.
 45934 | Depths:2 | Found a transporter.
 46056 | Depths:3 | Reached skill level 23 in Stealth
 46187 | Depths:3 | Found a flickering gateway to a bazaar.
 46247 | Bazaar   | Entered a bazaar
 46247 | Bazaar   | Found Efir's Magic Scroll Boutique.
 46247 | Bazaar   | Found Cuwn's Weapon Boutique.
 46259 | Bazaar   | Found Ravvub's Weapon Boutique.
 46303 | Bazaar   | Found Xocsowk's Book Shop.
 46341 | Bazaar   | Bought a scroll of teleportation for 48 gold pieces
 46341 | Bazaar   | Bought a scroll of teleportation for 48 gold pieces
 46341 | Bazaar   | Bought a scroll of teleportation for 48 gold pieces
 46341 | Bazaar   | Bought a scroll of summoning for 152 gold pieces
 46588 | Depths:3 | Noticed Louise
 46594 | Depths:3 | Found a one-way gate to the infinite horrors of the Abyss.
 46599 | Depths:3 | Killed Louise
 47058 | Depths:4 | Entered Level 4 of the Depths
 47077 | Depths:4 | Found Zowai's General Store.
 47086 | Depths:4 | Noticed a juggernaut
 47097 | Depths:4 | Killed a juggernaut
 47124 | Depths:4 | Found a one-way gateway to a ziggurat.
 47240 | Depths:4 | Bought a scroll of teleportation for 60 gold pieces
 47376 | Depths:4 | Found a gate to the Realm of Zot.
 47864 | Depths:2 | Identified the amulet of the Shining One's Fury {Reflect
                  | rN+ Str+4 Int-5 SH+5}
 47882 | Depths:2 | Identified the amulet of Brawling {Reflect Fragile rF+++
                  | rC- Str+2 SH+5}
 47980 | Depths:3 | Voluntarily entered the Abyss.
 48023 | Abyss:2  | Found a corrupted altar of Lugonu.
 48026 | Abyss:2  | Found a corrupted altar of Lugonu.
 48275 | Abyss:3  | Found a corrupted altar of Lugonu.
 48314 | Abyss:3  | Gained mutation: You are dopey. (Int -2) [a neqoxec]
 48341 | Abyss:3  | Reached XP level 26. HP: 152/152 MP: 41/41
 48737 | Abyss:3  | Found a burning altar of Makhleb.
 48868 | Abyss:3  | Found a corrupted altar of Lugonu.
 48886 | Abyss:3  | Reached skill level 24 in Stealth
 48940 | Abyss:4  | Paralysed by you for 4 turns
 49128 | Abyss:4  | Noticed an ancient lich
 49133 | Abyss:4  | Killed an ancient lich
 49150 | Abyss:4  | Gained mutation: You sometimes lose your temper in combat.
                  | [a shining eye]
 49151 | Abyss:4  | Gained mutation: You are occasionally teleported next to
                  | monsters. [a shining eye]
 49159 | Abyss:4  | Reached skill level 15 in Short Blades
 49159 | Abyss:4  | Got an abyssal rune of Zot
 49174 | Depths:3 | Escaped the Abyss
 49178 | Depths:3 | Lost mutation: You are occasionally teleported next to
                  | monsters. [potion of mutation]
 49178 | Depths:3 | Lost mutation: You are dopey. (Int -2) [potion of mutation]
 49178 | Depths:3 | Lost mutation: You sometimes lose the ability to read
                  | scrolls when taking damage. [potion of mutation]
 49178 | Depths:3 | Gained mutation: You are dopey. (Int -2) [potion of
                  | mutation]
 49179 | Depths:3 | Lost mutation: You sometimes lose your temper in combat.
                  | [potion of mutation]
 49179 | Depths:3 | Lost mutation: You occasionally lose the ability to read
                  | scrolls when taking damage. [potion of mutation]
 49179 | Depths:3 | Gained mutation: You expend magic power (3 MP) to
                  | strengthen your wands. [potion of mutation]
 49179 | Depths:3 | Gained mutation: Your muscles are strong. (Str +4, Int/Dex
                  | -1) [potion of mutation]
 49179 | Depths:3 | Gained mutation: Your flesh is heat resistant. (rF+)
                  | [potion of mutation]
 49180 | Depths:3 | Lost mutation: Your flesh is heat resistant. (rF+) [potion
                  | of mutation]
 49180 | Depths:3 | Lost mutation: You are dopey. (Int -2) [potion of mutation]
 49180 | Depths:3 | Gained mutation: You have supernaturally acute eyesight.
                  | (SInv) [potion of mutation]
 49180 | Depths:3 | Gained mutation: You are strong-willed. (Will+) [potion of
                  | mutation]
 49206 | Zot:1    | Entered Level 1 of the Realm of Zot
 50045 | Zot:1    | Reached skill level 25 in Stealth
 50115 | Zot:2    | Found the +3 pair of gauntlets of War {Slay+5}
 50115 | Zot:2    | Found a transporter.
 50177 | Zot:2    | Found a transporter.
 50209 | Zot:2    | Reached XP level 27. HP: 158/158 MP: 42/42
 50340 | Zot:2    | Found a runed translucent gate.
 50342 | Zot:2    | Found a runed translucent gate.
 50342 | Zot:2    | Found a runed translucent gate.
 50343 | Zot:2    | Found an opulent altar of Gozag.
 50344 | Zot:2    | Found Kal Resch's Assorted Antiques.
 50344 | Zot:2    | Noticed stpyramids's ghost (legendary DDFi)
 50867 | Zot:2    | Identified the +11 short sword of the Thieving Gods
                  | {freeze, rC+ Str+6}
 50988 | Zot:3    | Noticed an orb of fire
 51003 | Zot:3    | Killed an orb of fire
 51914 | Zot:4    | Reached skill level 15 in Armour
 52174 | Zot:4    | Learned a level 2 spell: Wereblood
 52892 | Vaults:5 | Entered Level 5 of the Vaults
 52895 | Vaults:5 | Reached skill level 1 in Transmutations
 52901 | Vaults:5 | Reached skill level 15 in Spellcasting
 52910 | Vaults:5 | Noticed an ancient lich
 52918 | Vaults:5 | Killed an ancient lich
 52943 | Vaults:5 | Killed a dread lich
 52961 | Vaults:5 | Noticed an ancient lich
 52966 | Vaults:5 | Killed an ancient lich
 53032 | Vaults:5 | Identified the amulet of Cerosic {Acrobat Str-2 Dex+7}
 53380 | Vaults:5 | Identified the +1 ring mail "Ussuv" {rElec}
 53491 | Vaults:5 | Reached skill level 26 in Stealth
 53553 | Vaults:5 | Identified the +0 chain mail of Upoibufo {Regen+}
 53755 | Vaults:5 | Got a silver rune of Zot
 53786 | Vaults:5 | Found the +9 sword of Zonguldrok {reap}
 53793 | Vaults:5 | Got the Discursus on Translocation
 53795 | Vaults:5 | Got Vuvvamm's Disquisition on the Roasted Discharge
 54684 | Zot:2    | Noticed an orb of fire
 54688 | Zot:2    | Noticed an orb of fire
 54690 | Zot:2    | Gained mutation: You are vulnerable to cold. (rC-) [an orb
                  | of fire]
 54698 | Zot:2    | Gained mutation: You are occasionally teleported next to
                  | monsters. [a cacodemon]
 54711 | Zot:2    | Killed an orb of fire
 54830 | Zot:2    | Killed an orb of fire
 54893 | Zot:2    | Identified the ring "Nucseremn" {rCorr Int+3}
 54916 | Zot:2    | Identified the ring "Paumm" {Dex+3 SInv}
 55027 | Zot:2    | Killed stpyramids's ghost
 55080 | Zot:2    | Bought a scroll of fear for 196 gold pieces
 55803 | Zig:1    | Entered Level 1 of a ziggurat
 55827 | Zig:2    | Entered Level 2 of a ziggurat
 55922 | Zig:3    | Entered Level 3 of a ziggurat
 55961 | Zig:4    | Entered Level 4 of a ziggurat
 55999 | Zig:5    | Entered Level 5 of a ziggurat
 56065 | Zig:6    | Entered Level 6 of a ziggurat
 56071 | Zig:6    | Identified a scroll of acquirement
 56073 | Zig:6    | Noticed an ancient lich
 56073 | Zig:6    | Noticed an ancient lich
 56083 | Zig:6    | Killed an ancient lich
 56083 | Zig:6    | Killed an ancient lich
 56084 | Zig:6    | Reached skill level 5 in Ranged Weapons
 56111 | Zig:6    | Learned a level 5 spell: Metabolic Englaciation
 56122 | Zig:7    | Entered Level 7 of a ziggurat
 56125 | Zig:7    | Noticed a juggernaut
 56129 | Zig:7    | Killed a juggernaut
 56173 | Zig:8    | Entered Level 8 of a ziggurat
 56176 | Zig:8    | Noticed a juggernaut
 56186 | Zig:8    | Noticed a juggernaut
 56189 | Zig:8    | Killed a juggernaut
 56194 | Zig:8    | Killed a juggernaut
 56221 | Zig:8    | Got Seqotz's Folio of Dusty Cold
 56224 | Zig:8    | Identified the +1 robe "Mynarouleng" {Harm rN+ Dex-2}
 56239 | Zig:9    | Entered Level 9 of a ziggurat
 56281 | Zig:9    | Got Vezagesh's Volume of the Fulgent Jaunt
 56360 | Zig:10   | Entered Level 10 of a ziggurat
 56406 | Zig:10   | Reached skill level 1 in Throwing
 56419 | Zig:10   | Learned a level 5 spell: Silence
 56450 | Zig:10   | Identified the ring "Ixkop" {Ice Int+4 Stlth+}
 56458 | Zig:11   | Entered Level 11 of a ziggurat
 56491 | Zig:11   | Identified the staff of death "Zeell" {Drain rF+ rN+ rCorr
                  | Int+3}
 56496 | Zig:11   | Identified the staff of conjuration "Joorutra" {Will+}
 56509 | Zig:11   | Identified the ring of Vuczoph {rPois Will+ rCorr Dex-4
                  | Stlth+}
 56577 | Zig:12   | Entered Level 12 of a ziggurat
 56582 | Zig:12   | Noticed Cemeweh the pandemonium lord
 56582 | Zig:12   | Noticed Irphekh the pandemonium lord
 56582 | Zig:12   | Noticed Emiblym the pandemonium lord
 56582 | Zig:12   | Found the ring of the Hare {EV+10}
 56582 | Zig:12   | Found the +5 Lochaber axe {reach-cleave, Poleaxe Drain}
 56596 | Zig:12   | Killed Irphekh the pandemonium lord
 56600 | Zig:12   | Killed Cemeweh the pandemonium lord
 56600 | Zig:12   | Killed Emiblym the pandemonium lord
 56611 | Zig:12   | Got the Lectures on the Storm and Detritus
 56710 | Zig:12   | Identified the +3 arbalest of Bloodstone {freeze, Will+
                  | Int+9 Dex-5}
 56719 | Zig:12   | Identified the +2 pair of gloves "Omatzis" {rElec Regen+}
 56721 | Zig:12   | Acquired the +1 pair of boots of Tulips {rElec rN++ rCorr
                  | Str-2 Dex+3}
 56781 | Zig:12   | Lost mutation: You are vulnerable to cold. (rC-) [potion of
                  | mutation]
 56781 | Zig:12   | Lost mutation: Your muscles are strong. (Str +4, Int/Dex
                  | -1) [potion of mutation]
 56781 | Zig:12   | Lost mutation: You are occasionally teleported next to
                  | monsters. [potion of mutation]
 56781 | Zig:12   | Gained mutation: You have a pair of small antennae on your
                  | head. [potion of mutation]
 56800 | Zig:13   | Entered Level 13 of a ziggurat
 56808 | Zig:13   | Found the +12 glaive of Prune {freeze, Prune}
 56824 | Zig:13   | Identified the +6 scimitar "Xaguruaf" {holy, Str+3}
 56909 | Zig:13   | Got the Octavo of Cryomancy and Ectoplasm
 56933 | Zig:13   | Identified the amulet "Beathofo" {Faith Str+3 Dex+3}
 56993 | Hell     | Entered the Vestibule of Hell
 56993 | Hell     | Noticed Geryon
 57004 | Hell     | Killed Geryon
 57134 | Hell     | Found a gateway to the Iron City of Dis.
 57233 | Hell     | Found a gateway to the freezing wastes of Cocytus.
 57428 | Hell     | Found a gateway to the decaying netherworld of Tartarus.
 57486 | Hell     | Found a gateway to the ashen valley of Gehenna.
 57648 | Tar:1    | Entered Level 1 of Tartarus
 58248 | Tar:4    | Reached skill level 10 in Evocations
 59162 | Tar:7    | Entered Level 7 of Tartarus
 59180 | Tar:7    | Reached skill level 15 in Dodging
 59238 | Tar:7    | Reached skill level 10 in Ranged Weapons
 59334 | Tar:7    | HP: 8/165 [poison (dark miasma)]
 59340 | Tar:7    | HP: 3/165 [tainted leviathan/large rock (9)]
 59750 | Tar:7    | Identified the staff of earth "Atuph" {rF+++ Will- Str+3
                  | Dex+5}
 59753 | Tar:7    | Identified the +0 crystal plate armour of Ejanok {Regen+}
 59943 | Tar:7    | Identified the +11 spear of Hexziuq {speed, Drain rF+++
                  | Str-3 Stlth+}
 59961 | Tar:7    | Identified the amulet "Paskuogune" {Spirit rN+ Str+3 Int+2}
 60261 | Tar:7    | Got the Omnibus of Decaying Places
 60267 | Tar:7    | Identified the +4 morningstar of the Two Names {drain,
                  | +Blink rF- Will+ Int+4}
 60273 | Tar:7    | Got Sif Muna's Enchiridion on the Xenolith and
                  | Contamination
 60440 | Tar:7    | Noticed an ancient lich
 60440 | Tar:7    | Noticed an ancient lich
 60441 | Tar:7    | Noticed a dread lich
 60446 | Tar:7    | Killed an ancient lich
 60462 | Tar:7    | Killed an ancient lich
 60465 | Tar:7    | Killed a dread lich
 60475 | Tar:7    | Identified the staff of death "Yskeitoj" {rF+ rN+ Dex+4}
 60680 | Tar:7    | Noticed Ereshkigal
 60694 | Tar:7    | Killed Ereshkigal
 60715 | Tar:7    | Got a bone rune of Zot
 60918 | Dis:1    | Entered Level 1 of the Iron City of Dis
 61298 | Zot:5    | Entered Level 5 of the Realm of Zot
 61472 | Zot:5    | Noticed an ancient lich
 61483 | Zot:5    | Killed an ancient lich
 61522 | Zot:5    | Noticed an ancient lich
 61529 | Zot:5    | Noticed an orb of fire
 61534 | Zot:5    | Gained mutation: Your magical capacity is low. (-10% MP)
                  | [an orb of fire]
 61539 | Zot:5    | Gained mutation: You are clumsy. (Dex -2) [an orb of fire]
 61545 | Zot:5    | Killed an orb of fire
 61547 | Zot:5    | Killed an ancient lich
 61580 | Zot:5    | Got the Orb of Zot
 61602 | Zot:5    | Lost mutation: You have supernaturally acute eyesight.
                  | (SInv) [potion of mutation]
 61602 | Zot:5    | Lost mutation: You expend magic power (3 MP) to strengthen
                  | your wands. [potion of mutation]
 61602 | Zot:5    | Lost mutation: You are strong-willed. (Will+) [potion of
                  | mutation]
 61602 | Zot:5    | Gained mutation: You sometimes lose your temper in combat.
                  | [potion of mutation]
 61603 | Zot:5    | Noticed Funimp the pandemonium lord
 61603 | Zot:5    | Lost mutation: You sometimes lose your temper in combat.
                  | [potion of mutation]
 61603 | Zot:5    | Lost mutation: You are clumsy. (Dex -2) [potion of
                  | mutation]
 61603 | Zot:5    | Lost mutation: You have a pair of small antennae on your
                  | head. [potion of mutation]
 61603 | Zot:5    | Gained mutation: Your flesh is cold resistant. (rC+)
                  | [potion of mutation]
 61807 | Depths:3 | Noticed Vivvuuh the pandemonium lord
 62217 | D:$      | Escaped with the Orb!

Illustrated notes

Levels and vault maps discovered:
D:1:      minmay_arrival_cross, layout_basic, minmay_pentomino_v4
D:2:      cheibrodos_fertilizer, layout_rooms,
          hellmonk_ecumenical_altar_inner_sanctum, nrook_mini_backslash,
          eino_tiny_chamber, minmay_fractal_squares_gapless_5
D:3:      layout_loops_cross, portal_sewer_entry_c
D:4:      layout_cave_pools, temple_fountains, bh_walls_and_bars
D:5:      layout_gridville, lemuel_blue_sif_altar, hellmonk_no_cap,
          uniq_menkaure
D:6:      layout_loops_cross, fedhas_altar_3, serial_glass, glass_columns_b,
          glass_columns_b
D:7:      layout_basic, nicolae_wu_jian_wuxing_cycle, minmay_misc_feat_rows,
          hellmonk_guarded_unrand_gyre_and_gimble
D:8:      layout_loops_corners, mainiacjoe_overflow_catwalk,
          mainiacjoe_overflow_catwalk_spiral, uniq_psyche
D:9:      gammafunk_the_bubble [the_bubble_gammafunk_grid], layout_basic,
          grunt_temple_overflow_order_and_chaos_2, serial_shops,
          nicolae_shop_peninsula
D:10:     layout_basic, mainiacjoe_overflow_concentric_impassable
D:11:     layout_irregular_city, minmay_lair_entry_grove, erik_orc_3,
          nicolae_figureground_pulse
D:12:     layout_stronghold, nicolae_elyvilon_temple_path, uniq_nessos
D:13:     layout_loops_ring, david_vaults_3, gauntlet_entry_generic,
          serial_shops, nicolae_shop_bloodbath_and_beyond
D:14:     layout_stronghold, chequers_serial_rivers_micro_c
D:15:     gammafunk_depths_entry_grave, layout_irregular_city,
          chequers_serial_rivers_micro_e, hangedman_abyss_or_decor_lesser_grid,
          uniq_azrael
Temple:   nicolae_temple_bog_church
Lair:1:   layout_misc_corridors, nicolae_lair_lil_pond, grunt_megastairs_1,
          lemuel_fruit_tree, infiniplex_staircase_pool, serial_bayou_shore_b
Lair:2:   layout_roguey, swamp_mist, minmay_stone_trees_small, minivault_25,
          serial_bayou_shore_b
Lair:3:   layout_cellular_growth, nicolae_spider_entry_lesser_pyramids
Lair:4:   layout_regular_city, slime_entry_1, grunt_megastairs_2
Lair:5:   wormcave, layout_regular_city, guppyfry_lair_end_dragon,
          serial_bayou_shore_b
Swamp:1:  gammafunk_mikee_crab_dinner, layout_falls_marsh,
          evilmike_swamp_ruin_house_6, swamp_pool4
Swamp:2:  layout_basic_swamp, gammafunk_ghost_split, serial_swamp_ruin,
          evilmike_swamp_ruin_house_5, evilmike_swamp_ruin_rubble_2,
          uniq_frances
Swamp:3:  nzn_winding_woodlands_cross [nzn_winding_woodlands_5x15_sidewinder,
          nzn_winding_woodlands_5x15_pockets,
          nzn_winding_woodlands_5x15_default, nzn_winding_woodlands_5x15_twine,
          nzn_winding_woodlands_15x15_killbox], layout_basic_swamp,
          evilmike_swamp_ruin_house_2, swamp_pool1
Swamp:4:  swamp_old_school, layout_basic_swamp, swamp_pool3, uniq_kirke,
          uniq_bai_suzhen, uniq_donald
Spider:1: layout_spider_delve, hangedman_spider_tarantella_strand
Spider:2: layout_spider_delve, gammafunk_ghost_split, uniq_arachne
Spider:3: layout_spider_delve, nicolae_spider_cling_halls
Spider:4: grunt_spider_rune_circles
Slime:1:  layout_caves
Slime:2:  layout_caves
Slime:3:  layout_caves
Slime:4:  layout_caves
Slime:5
Orc:1:    gammafunk_beogh_shrine, layout_caves
Orc:2:    st_orc_elflike, layout_diamond_mine, basic_altar
Elf:1:    eino_elf_arrival_the_gate, layout_geoelf_diagonals, serial_shops,
          nicolae_shop_back_alley_shop, nicolae_shop_tiny_statue_garden, shop,
          shop, shop, hangedman_elf_represent, item_on_display_a
Elf:2:    nicolae_elf_blades_splatter_lattice
          [nicolae_blade_entry_floor_patterns], layout_geoelf_octagon,
          portal_desolation_entry_ruin, grunt_ministairs_6, uniq_nikola
Elf:3:    grunt_elf_hall_spiral, layout_geoelf_octagon, serial_shops,
          nicolae_shop_peninsula, nicolae_shop_trees, nicolae_shop_dealshenge,
          nicolae_shop_advertising_works [nicolae_subvault_shop_adworks],
          nicolae_shop_crystal, st_stairs_8, billiards_dpeg
Vaults:1: v_misc_33, nicolae_vaults_border_crossing, nicolae_vaults_what_the_h,
          hangedman_vaults_capsules, v_misc_13, hangedman_vaults_corner,
          nicolae_vaults_trapezoid_lopsided_2,
          nicolae_vaults_security_offices_4, nicolae_vaults_double_plus_3,
          nicolae_vaults_diamond_2, layout_vaults_omnibox, uniq_asterion,
          uniq_aizul
Vaults:2: nicolae_vaults_back_hallway, nicolae_vaults_disjoint_gnomons,
          nicolae_vaults_stepped_doors, nicolae_vaults_shelves_hall,
          nicolae_vaults_angled_halls, minmay_crypt_entry_simple_statues,
          v_misc_27, nicolae_vaults_closet_pinwheel_3,
          nicolae_vaults_specimen_jars, v_misc_26, nicolae_vaults_double_plus_1,
          layout_vaults_chaotic_city, serial_shops, nicolae_shop_tiny_glass
Vaults:3: nicolae_vaults_shock_wave, nicolae_vaults_tangram_1,
          grunt_vaults_swirl, vaults_room_boxed, nicolae_vaults_triangles,
          hangedman_vaults_variations, hangedman_vaults_restitches,
          ontoclasm_vaults_ligature, nicolae_vaults_theta,
          nicolae_vaults_weapon_check, vaults_dpeg_emergency_exit,
          layout_vaults_ring, serial_shops, nicolae_shop_behind_doors
Vaults:4: vaults_room_door_ring, v_misc_4, nicolae_vaults_theta,
          ontoclasm_vaults_loading_screen, v_misc_25,
          nicolae_vaults_closet_pinwheel_1, nicolae_vaults_tangram_1,
          vaults_dpeg_ring, nicolae_vaults_wine_cellar,
          nicolae_vaults_shelves_hall, nicolae_vaults_trapezoid_2,
          nicolae_vaults_storage_closets_1, layout_vaults_omnicross,
          serial_shops, bzr_in_the_mist, uniq_margery, uniq_mara
Vaults:5
Crypt:1:  layout_gridlike
Crypt:2:  layout_basic, uniq_xtahua
Crypt:3:  david_glass_crypt, layout_gridlike, nicolae_tomb_entry_grand_gallery,
          st_stairs_5, grunt_megastairs_3
Tomb:1
Depths:1: layout_small_grid, hellmouth_3, hangedman_glass_teeth,
          kennysheep_just_a_vault, nicolae_triple_integral
Depths:2: gammafunk_its_a_trap, layout_long_grid, lightli_too_deep,
          grunt_pan_entry_in_and_out, vehumet_crystals
Depths:3: hangedman_elemental_death_ray, layout_gridville, hell_entry,
          nicolae_abyss_entry_one_way_or_another, serial_shops, bzr_entry_water,
          pan_entry, infiniplex_staircase_pillars_2,
          hangedman_abyss_or_decor_stagger
Depths:4: grunt_zot_entry_funnels, layout_twisted_cross, enter_ziggurat_b,
          pan_entry, hell_entry, serial_shops, shop, dk_noncrumbling_3
Hell
Dis:1:    layout_jigsaw
Tar:1:    layout_catacombs
Tar:2:    layout_grid_maze
Tar:3:    layout_cathedral_of_symmetry
Tar:4:    layout_catacombs, nicolae_hells_fiendish_ambush
Tar:5:    layout_grid_maze
Tar:6:    layout_grid_maze
Tar:7:    tar_old
Zot:1:    layout_basic, grunt_megastairs_4
Zot:2:    gammafunk_dig_for_victory, layout_gridlike, ebering_ghost_gozag
Zot:3:    grunt_zot_stairs_faceoff, layout_onion_interference
Zot:4:    layout_gridlike
Zot:5:    layout_misc_corridors

Skill      XL: |  1  2  3  4  5  6  7  8  9 10 11 12 13 14 15 16 17 18 19 20 21 22 23 24 25 26 27 |
---------------+----------------------------------------------------------------------------------+-----
Short Blades   | 1 2 3 5 8 9 10 11 12 13 14 15 17 | 17.3
Stealth        | 4 5 6 7 9 11 13 14 15 17 18 20 21 22 23 25 26 | 26.0
Fighting       | 1 2 4 7 8 10 11 12 13 14 16 17 18 19 20 24 | 24.7
Ice Magic      | 1 2 3 |  3.0
Dodging        | 2 3 4 5 7 8 9 10 11 12 13 15 | 15.9
Spellcasting   | 3 4 5 6 7 8 10 11 12 13 14 16 | 16.0
Conjurations   | 1 2 3 5 6 7 |  7.0
Armour         | 1 2 3 5 6 7 8 9 10 11 12 13 14 16 | 16.4
Hexes          | 4 5 7 8 10 11 12 13 15 16 17 18 23 | 23.3
Necromancy     | 2 3 5 |  5.0
Evocations     | 1 3 4 6 7 8 12 | 12.3
Ranged Weapons | 1 2 3 11 | 11.8
Air Magic      | 2 4 5 |  5.0
Poison Magic   | 1 5 |  5.0
Summonings     | 3 |  3.0
Transmutations | 3 |  3.0
Throwing       | 2 |  2.0
Shields        | |  0.3

Action                     |  1- 3 |  4- 6 |  7- 9 | 10-12 | 13-15 | 16-18 | 19-21 | 22-24 | 25-27 || total
---------------------------+-------+-------+-------+-------+-------+-------+-------+-------+-------++-------
  Melee: Dagger            |    76 |    77 |   164 |    69 |       |       |       |       |       ||   386
         Bite              |    15 |    13 |    45 |    95 |   222 |   372 |   491 |   605 |  1856 ||  3714
         Punch             |       |     2 |       |       |       |       |       |       |       ||     2
         Pair of quick bla |       |       |       |   353 |   691 |   941 |   991 |  1219 |  3272 ||  7467
   Fire: Shortbow          |       |       |       |     4 |       |       |       |       |       ||     4
         Longbow           |       |       |       |     3 |     2 |       |     8 |       |       ||    13
         Arbalest          |       |       |       |       |       |       |       |     4 |    36 ||    40
  Throw: Dart              |       |       |       |     1 |       |       |       |       |       ||     1
         Boomerang         |       |       |       |       |       |       |       |       |     2 ||     2
   Cast: Ensorcelled Hiber |    10 |    35 |    39 |    63 |    79 |    24 |    16 |     9 |       ||   275
         Confusing Touch   |       |       |     3 |     2 |     3 |       |       |       |       ||     8
         Dazzling Flash    |       |       |     1 |     9 |    20 |     7 |     2 |    12 |     1 ||    52
         Anguish           |       |       |       |       |     3 |       |       |       |       ||     3
         Summon Mana Viper |       |       |       |       |       |       |       |     4 |    12 ||    16
         Fulminant Prism   |       |       |       |       |       |       |       |     2 |    10 ||    12
         Mephitic Cloud    |       |       |       |       |       |       |       |     1 |     9 ||    10
         Cause Fear        |       |       |       |       |       |       |       |       |     3 ||     3
         Discord           |       |       |       |       |       |       |       |       |    25 ||    25
         Wereblood         |       |       |       |       |       |       |       |       |     6 ||     6
         Metabolic Englaci |       |       |       |       |       |       |       |       |     3 ||     3
         Tukima's Dance    |       |       |       |       |       |       |       |       |     1 ||     1
         Silence           |       |       |       |       |       |       |       |       |     1 ||     1
 Invoke: Serpent's Lash    |       |       |       |       |     3 |     1 |     2 |       |     5 ||    11
         Heavenly Storm    |       |       |       |       |       |     1 |     1 |       |     2 ||     4
Ability: Lunge             |       |       |     1 |    59 |    88 |   109 |   146 |   203 |   308 ||   914
         Whirlwind         |       |       |       |    42 |    81 |   202 |   163 |   187 |   497 ||  1172
  Evoke: Lightning rod     |       |       |       |       |       |     2 |     8 |       |     4 ||    14
         Box of beasts     |       |       |       |       |       |     1 |     2 |     1 |     1 ||     5
         Wand              |       |       |       |       |       |       |     2 |       |    12 ||    14
         Tin of tremorston |       |       |       |       |       |       |     2 |       |       ||     2
         Phantom mirror    |       |       |       |       |       |       |     1 |       |       ||     1
    Use: Scroll            |       |       |       |    21 |     6 |    11 |     2 |     1 |     5 ||    46
         Potion            |       |       |       |       |       |     1 |     3 |     1 |    18 ||    23
   Stab: Sleeping          |     9 |    26 |    45 |    67 |    88 |    72 |    52 |   156 |    85 ||   600
         Confused          |       |       |     3 |     1 |     1 |       |       |       |     8 ||    13
         Invisible         |       |       |       |    12 |    38 |    11 |     1 |    14 |     1 ||    77
         Distracted        |       |       |       |       |     7 |     3 |     9 |    10 |    53 ||    82
         Fleeing           |       |       |       |       |       |       |       |       |     1 ||     1
 Armour: Robe              |    14 |     2 |       |       |       |       |       |       |       ||    16
         Ring mail         |       |     8 |    33 |    63 |   111 |   165 |   162 |   154 |   317 ||  1013
  Dodge: Dodged            |    52 |    49 |    97 |   126 |   231 |   294 |   303 |   395 |  1086 ||  2633
         Repelled          |       |     1 |       |       |     4 |       |       |       |       ||     5
  Block: Buckler           |       |       |       |     2 |       |       |       |       |       ||     2
         Other             |       |       |       |       |       |    17 |    18 |    21 |    35 ||    91
